2450 views
Uploaded 2024-06-05 00:32:36
Game version 1.36 (6115)
14:37 long 4on4 ladder game on (12)EmeraldGardens
Saved by YIKIII
2450 views
Uploaded 2024-06-05 00:32:36
Game version 1.36 (6115)
14:37 long 4on4 ladder game on (12)EmeraldGardens


111 units @ 14.2k
/ 2k
77 buildings @ 9.9k
/ 4.1k


| Scroll of Regeneration | 1 | 100 |
| Lesser Clarity Potion | 1 | 70 |
| Scroll of Town Portal | 1 | 350 |
| total: | 3 | 520g |
| Peasant | 22 | 1650 | / | 0 |
| Footman | 3 | 405 | / | 0 |
| Knight | 5 | 1225 | / | 300 |
| Flying Machine | 5 | 500 | / | 150 |
| total: | 35 | 3780g | / | 450w |
| Altar of Kings | 1 | 180 | / | 50 |
| Barracks | 2 | 320 | / | 120 |
| Farm | 8 | 640 | / | 160 |
| Town Hall | 1 | 385 | / | 205 |
| Lumber Mill | 3 | 360 | / | 0 |
| Arcane Vault | 1 | 130 | / | 30 |
| Blacksmith | 1 | 140 | / | 60 |
| Workshop | 2 | 280 | / | 280 |
| Keep | 1 | 320 | / | 210 |
| Castle | 1 | 360 | / | 210 |
| total: | 19 | 2435g | / | 905w |
| 0:05 | Altar of Kings |
| 0:10 | Barracks |
| 0:11 | Peasant |
| 0:11 | Peasant |
| 0:27 | Farm |
| 0:30 | Peasant |
| 0:43 | Peasant |
| 0:59 | Farm |
| 1:05 | Peasant |
| 1:29 | Peasant |
| 1:29 | Peasant |
| 1:40 | Farm |
| 1:42 | Footman |
| 1:48 | Peasant |
| 2:01 | Footman |
| 2:25 | Peasant |
| 2:25 | Peasant |
| 2:46 | Peasant |
| 2:58 | Town Hall |
| 3:19 | Summon Water Elemental |
| 3:58 | Footman |
| 4:01 | Keep |
| 4:18 | Peasant |
| 4:46 | Lumber Mill |
| 4:49 | Lumber Mill |
| 5:23 | Brilliance Aura |
| 5:31 | Farm |
| 5:35 | Lumber Mill |
| 5:38 | Arcane Vault |
| 5:41 | Blacksmith |
| 5:50 | Peasant |
| 5:50 | Peasant |
| 5:50 | Peasant |
| 5:50 | Peasant |
| 5:50 | Peasant |
| 5:53 | Peasant |
| 6:01 | Improved Lumber Harvesting |
| 6:28 | Peasant |
| 6:28 | Peasant |
| 7:18 | Castle |
| 7:28 | Scroll of Regeneration |
| 7:31 | Lesser Clarity Potion |
| 7:34 | Scroll of Town Portal |
| 7:50 | Farm |
| 8:12 | Barracks |
| 8:16 | Workshop |
| 8:21 | Workshop |
| 8:34 | Farm |
| 8:36 | Farm |
| 8:37 | Farm |
| 8:41 | Iron Plating |
| 8:42 | Black Gunpowder |
| 9:40 | Knight |
| 9:41 | Animal War Training |
| 9:43 | Flak Cannons |
| 9:43 | Flying Machine |
| 9:44 | Flying Machine |
| 9:44 | Flying Machine |
| 9:44 | Flying Machine |
| 10:16 | Knight |
| 10:17 | Flying Machine |
| 10:34 | Peasant |
| 10:34 | Peasant |
| 11:13 | Storm Bolt |
| 11:18 | Knight |
| 11:31 | Flying Machine Bombs |
| 11:48 | Knight |
| 12:06 | Summon Water Elemental |
| 12:28 | Knight |
| Right click | 561 |
| Select | 155 |
| Build/train/purchase | 78 |
| Select group | 50 |
| Misc. action | 24 |
| Assign group | 20 |
| Resource trade | 15 |
| Use ability | 9 |
| Remove unit | 1 |



| Staff of Sanctuary | 2 | 500 |
| Lesser Clarity Potion | 3 | 210 |
| Scroll of Regeneration | 2 | 200 |
| Scroll of Town Portal | 2 | 700 |
| total: | 9 | 1610g |
| Peasant | 10 | 750 | / | 0 |
| Footman | 3 | 405 | / | 0 |
| Gryphon Rider | 1 | 280 | / | 70 |
| Priest | 2 | 270 | / | 20 |
| Siege Engine | 2 | 390 | / | 120 |
| Goblin Shredder | 1 | 375 | / | 100 |
| total: | 19 | 2470g | / | 310w |
| Scout Tower | 10 | 300 | / | 200 |
| Arcane Tower | 1 | 70 | / | 50 |
| Guard Tower | 2 | 140 | / | 100 |
| Altar of Kings | 1 | 180 | / | 50 |
| Farm | 9 | 720 | / | 180 |
| Barracks | 1 | 160 | / | 60 |
| Lumber Mill | 1 | 120 | / | 0 |
| Town Hall | 1 | 385 | / | 205 |
| Blacksmith | 1 | 140 | / | 60 |
| Arcane Vault | 1 | 130 | / | 30 |
| Gryphon Aviary | 2 | 280 | / | 300 |
| Arcane Sanctum | 1 | 150 | / | 140 |
| Workshop | 3 | 420 | / | 420 |
| Keep | 2 | 640 | / | 420 |
| Castle | 2 | 720 | / | 420 |
| total: | 31 | 2985g | / | 1645w |
| 0:03 | Peasant |
| 0:04 | Peasant |
| 0:08 | Altar of Kings |
| 0:21 | Farm |
| 0:23 | Barracks |
| 0:31 | Peasant |
| 0:35 | Peasant |
| 0:47 | Peasant |
| 1:06 | Farm |
| 1:12 | Peasant |
| 1:22 | Peasant |
| 1:25 | Footman |
| 1:41 | Farm |
| 1:47 | Footman |
| 2:00 | Footman |
| 2:03 | Peasant |
| 2:14 | Summon Water Elemental |
| 2:27 | Peasant |
| 2:44 | Peasant |
| 2:59 | Keep |
| 3:03 | Brilliance Aura |
| 3:10 | Lumber Mill |
| 4:14 | Scout Tower |
| 4:32 | Scout Tower |
| 5:04 | Goblin Shredder |
| 5:15 | Town Hall |
| 5:16 | Arcane Tower |
| 5:17 | Guard Tower |
| 6:03 | Summon Water Elemental |
| 6:29 | Castle |
| 6:32 | Blacksmith |
| 6:50 | Improved Masonry |
| 6:53 | Advanced Masonry |
| 6:56 | Farm |
| 6:57 | Farm |
| 7:50 | Storm Bolt |
| 7:56 | Gryphon Aviary |
| 7:57 | Gryphon Aviary |
| 7:59 | Arcane Sanctum |
| 8:00 | Iron Forged Swords |
| 8:00 | Studded Leather Armor |
| 8:23 | Arcane Vault |
| 8:38 | Scout Tower |
| 8:40 | Scout Tower |
| 9:01 | Imbued Masonry |
| 9:18 | Gryphon Rider |
| 9:21 | Priest Adept Training |
| 9:21 | Priest |
| 9:24 | Workshop |
| 9:42 | Workshop |
| 10:01 | Blizzard |
| 10:20 | Black Gunpowder |
| 10:28 | Priest Master Training |
| 10:28 | Priest |
| 10:38 | Farm |
| 10:39 | Farm |
| 10:41 | Guard Tower |
| 10:45 | Scroll of Town Portal |
| 10:45 | Scroll of Town Portal |
| 10:48 | Staff of Sanctuary |
| 10:50 | Lesser Clarity Potion |
| 10:51 | Scroll of Regeneration |
| 10:51 | Scroll of Regeneration |
| 10:51 | Lesser Clarity Potion |
| 11:04 | Barrage |
| 11:05 | Siege Engine |
| 11:12 | Farm |
| 11:25 | Holy Light |
| 11:27 | Lesser Clarity Potion |
| 11:28 | Staff of Sanctuary |
| 11:40 | Workshop |
| 11:42 | Steel Forged Swords |
| 11:44 | Refined Gunpowder |
| 12:13 | Scout Tower |
| 13:22 | Siege Engine |
| 13:29 | Farm |
| 13:47 | Scout Tower |
| 13:48 | Scout Tower |
| 13:49 | Scout Tower |
| 13:49 | Scout Tower |
| 13:49 | Scout Tower |
| Right click | 715 |
| Select group | 270 |
| Select | 247 |
| Build/train/purchase | 98 |
| Assign group | 52 |
| Misc. action | 34 |
| Minimap ping | 11 |
| Use ability | 10 |
| Esc | 10 |
| Resource trade | 8 |
| Item give/drop | 1 |


| Rod of Necromancy | 2 | 300 |
| Sacrificial Skull | 1 | 50 |
| Ritual Dagger | 1 | 125 |
| Scroll of Town Portal | 3 | 1050 |
| Wand of Negation | 1 | 0 |
| total: | 8 | 1525g |
| Acolyte | 9 | 675 | / | 0 |
| Ghoul | 1 | 120 | / | 0 |
| Crypt Fiend | 10 | 2150 | / | 400 |
| Obsidian Statue | 2 | 400 | / | 70 |
| Abomination | 1 | 240 | / | 70 |
| Goblin Shredder | 2 | 750 | / | 200 |
| total: | 25 | 4335g | / | 740w |
| Nerubian Tower | 1 | 100 | / | 20 |
| Spirit Tower | 4 | 580 | / | 160 |
| Graveyard | 1 | 215 | / | 0 |
| Crypt | 1 | 200 | / | 50 |
| Altar of Darkness | 1 | 180 | / | 50 |
| Ziggurat | 8 | 1200 | / | 400 |
| Tomb of Relics | 1 | 130 | / | 30 |
| Necropolis | 1 | 225 | / | 0 |
| Slaughterhouse | 2 | 280 | / | 270 |
| Halls of the Dead | 2 | 640 | / | 420 |
| Black Citadel | 2 | 650 | / | 460 |
| total: | 15 | 2430g | / | 800w |
| 0:01 | Acolyte |
| 0:10 | Graveyard |
| 0:12 | Crypt |
| 0:19 | Acolyte |
| 0:45 | Altar of Darkness |
| 0:57 | Ziggurat |
| 1:16 | Ghoul |
| 1:48 | Tomb of Relics |
| 1:51 | Crypt Fiend |
| 1:59 | Ziggurat |
| 2:22 | Crypt Fiend |
| 2:22 | Crypt Fiend |
| 2:47 | Death Coil |
| 2:53 | Rod of Necromancy |
| 2:53 | Sacrificial Skull |
| 3:02 | Crypt Fiend |
| 3:02 | Crypt Fiend |
| 3:27 | Acolyte |
| 3:28 | Ziggurat |
| 4:10 | Crypt Fiend |
| 4:17 | Unholy Aura |
| 4:43 | Crypt Fiend |
| 4:50 | Necropolis |
| 5:24 | Goblin Shredder |
| 5:24 | Goblin Shredder |
| 5:34 | Acolyte |
| 5:42 | Death Coil |
| 6:10 | Acolyte |
| 6:11 | Acolyte |
| 6:11 | Acolyte |
| 6:26 | Halls of the Dead |
| 6:29 | Ziggurat |
| 6:31 | Acolyte |
| 6:31 | Acolyte |
| 7:07 | Ziggurat |
| 7:09 | Ziggurat |
| 7:58 | Crypt Fiend |
| 8:00 | Creature Attack |
| 8:00 | Creature Carapace |
| 8:14 | Nerubian Tower |
| 8:14 | Spirit Tower |
| 8:16 | Ziggurat |
| 8:17 | Ziggurat |
| 8:24 | Crypt Fiend |
| 8:34 | Rod of Necromancy |
| 8:35 | Ritual Dagger |
| 8:50 | Scroll of Town Portal |
| 9:18 | Web |
| 9:18 | Burrow |
| 9:20 | Slaughterhouse |
| 9:21 | Slaughterhouse |
| 10:17 | Frost Nova |
| 10:23 | Death Pact |
| 10:29 | Scroll of Town Portal |
| 10:30 | Wand of Negation |
| 10:32 | Obsidian Statue |
| 10:33 | Black Citadel |
| 10:59 | Crypt Fiend |
| 11:00 | Improved Creature Attack |
| 11:00 | Advanced Creature Attack |
| 11:00 | Improved Creature Carapace |
| 11:20 | Obsidian Statue |
| 11:46 | Scroll of Town Portal |
| 12:25 | Unholy Strength |
| 12:26 | Unholy Armor |
| 12:26 | Improved Unholy Armor |
| 12:33 | Spirit Tower |
| 13:20 | Abomination |
| 13:21 | Disease Cloud |
| 13:21 | Destroyer Form |
| Right click | 889 |
| Select | 458 |
| Select group | 326 |
| Misc. action | 142 |
| Build/train/purchase | 89 |
| Use ability | 23 |
| Assign group | 10 |
| Item give/drop | 3 |
| Esc | 2 |

| Circlet of Nobility | 1 | 175 |
| Boots of Speed | 1 | 250 |
| total: | 2 | 425g |
| Peon | 17 | 1275 | / | 0 |
| Grunt | 1 | 200 | / | 0 |
| Troll Headhunter | 5 | 700 | / | 100 |
| Troll Batrider | 9 | 1440 | / | 360 |
| total: | 32 | 3615g | / | 460w |
| Watch Tower | 2 | 220 | / | 160 |
| Altar of Storms | 1 | 180 | / | 50 |
| Orc Burrow | 4 | 640 | / | 160 |
| Barracks | 1 | 180 | / | 50 |
| War Mill | 1 | 205 | / | 0 |
| Voodoo Lounge | 1 | 130 | / | 30 |
| Great Hall | 1 | 385 | / | 185 |
| Beastiary | 1 | 145 | / | 140 |
| Stronghold | 1 | 315 | / | 190 |
| Fortress | 1 | 325 | / | 190 |
| total: | 12 | 2085g | / | 775w |
| 0:09 | Peon |
| 0:09 | Peon |
| 0:09 | Peon |
| 0:12 | Peon |
| 0:28 | Altar of Storms |
| 0:45 | Orc Burrow |
| 0:57 | Barracks |
| 1:11 | Peon |
| 1:11 | Peon |
| 1:11 | Peon |
| 1:56 | Peon |
| 2:02 | Grunt |
| 2:20 | War Mill |
| 2:27 | Orc Burrow |
| 2:37 | Orc Burrow |
| 2:45 | Wind Walk |
| 3:54 | Troll Headhunter |
| 3:56 | Steel Ranged Weapons |
| 4:14 | Watch Tower |
| 4:22 | Voodoo Lounge |
| 4:27 | Troll Headhunter |
| 5:02 | Troll Headhunter |
| 5:05 | Steel Armor |
| 5:32 | Stronghold |
| 6:44 | Great Hall |
| 7:04 | Critical Strike |
| 7:05 | Circlet of Nobility |
| 7:06 | Boots of Speed |
| 7:28 | Troll Headhunter |
| 7:58 | Beastiary |
| 8:01 | Troll Headhunter |
| 8:01 | Troll Regeneration |
| 9:08 | Troll Batrider |
| 9:16 | Peon |
| 9:16 | Peon |
| 9:16 | Peon |
| 9:16 | Peon |
| 9:21 | Orc Burrow |
| 9:25 | Reinforced Defenses |
| 9:40 | Troll Batrider |
| 9:43 | Troll Batrider |
| 9:43 | Troll Batrider |
| 9:43 | Troll Batrider |
| 9:44 | Troll Batrider |
| 9:49 | Thorium Ranged Weapons |
| 10:45 | Watch Tower |
| 11:08 | Fortress |
| 13:11 | Peon |
| 13:11 | Peon |
| 13:11 | Peon |
| 13:13 | Peon |
| 13:14 | Peon |
| 13:57 | Troll Batrider |
| 13:57 | Troll Batrider |
| 13:58 | Troll Batrider |
| Right click | 228 |
| Select | 153 |
| Build/train/purchase | 48 |
| Use ability | 8 |
| Remove unit | 1 |
| Minimap ping | 1 |
153 units @ 18.9k
/ 2.1k
70 buildings @ 10.6k
/ 4.9k


| Wisp | 18 | 1080 | / | 0 |
| Archer | 15 | 1950 | / | 150 |
| Hippogryph | 17 | 2720 | / | 340 |
| total: | 50 | 5750g | / | 490w |
| Altar of Elders | 1 | 180 | / | 50 |
| Moon Well | 6 | 1080 | / | 240 |
| Ancient of War | 1 | 150 | / | 60 |
| Tree of Life | 1 | 340 | / | 185 |
| Hunter's Hall | 1 | 210 | / | 100 |
| Ancient of Wonders | 1 | 90 | / | 30 |
| Ancient of Wind | 2 | 300 | / | 280 |
| Tree of Ages | 1 | 320 | / | 180 |
| Tree of Eternity | 1 | 330 | / | 200 |
| total: | 13 | 2350g | / | 945w |
| 0:03 | Wisp |
| 0:03 | Wisp |
| 0:04 | Wisp |
| 0:09 | Altar of Elders |
| 0:18 | Moon Well |
| 0:36 | Wisp |
| 0:56 | Wisp |
| 1:13 | Ancient of War |
| 1:17 | Moon Well |
| 1:27 | Wisp |
| 1:27 | Wisp |
| 1:27 | Wisp |
| 1:44 | Wisp |
| 1:45 | Wisp |
| 1:46 | Wisp |
| 2:29 | Archer |
| 2:29 | Archer |
| 2:40 | Force of Nature |
| 2:47 | Moon Well |
| 3:03 | Archer |
| 3:17 | Tree of Ages |
| 3:27 | Archer |
| 3:49 | Archer |
| 3:59 | Archer |
| 4:30 | Tree of Life |
| 4:50 | Entangling Roots |
| 5:07 | Archer |
| 5:11 | Hunter's Hall |
| 5:49 | Moon Well |
| 6:18 | Ancient of Wind |
| 6:20 | Ancient of Wind |
| 6:25 | Ancient of Wonders |
| 7:04 | Entangling Roots |
| 7:25 | Hippogryph |
| 7:26 | Hippogryph |
| 7:29 | Moon Well |
| 7:42 | Trueshot Aura |
| 7:53 | Hippogryph |
| 7:54 | Hippogryph |
| 8:14 | Wisp |
| 8:14 | Wisp |
| 8:15 | Wisp |
| 8:15 | Wisp |
| 8:15 | Wisp |
| 8:33 | Searing Arrows |
| 8:38 | Hippogryph |
| 8:39 | Hippogryph |
| 8:41 | Strength of the Moon |
| 8:41 | Strength of the Wild |
| 10:24 | Tree of Eternity |
| 10:26 | Improved Strength of the Moon |
| 10:27 | Improved Bows |
| 10:29 | Hippogryph |
| 10:30 | Hippogryph |
| 10:46 | Moon Well |
| 10:48 | Hippogryph |
| 10:49 | Hippogryph |
| 10:51 | Archer |
| 10:53 | Improved Strength of the Wild |
| 11:13 | Moon Armor |
| 11:14 | Reinforced Hides |
| 12:02 | Hippogryph |
| 12:03 | Hippogryph |
| 12:05 | Archer |
| 13:14 | Marksmanship |
| 13:14 | Archer |
| 13:14 | Archer |
| 13:15 | Archer |
| 13:15 | Archer |
| 13:38 | Thorns Aura |
| 13:54 | Hippogryph |
| 13:54 | Hippogryph |
| 13:56 | Hippogryph |
| 13:56 | Hippogryph |
| 13:56 | Hippogryph |
| 13:58 | Wisp |
| 13:58 | Wisp |
| 14:00 | Archer |
| 14:00 | Archer |
| Select group | 213 |
| Right click | 210 |
| Select | 160 |
| Build/train/purchase | 74 |
| Chat | 26 |
| Assign group | 23 |
| Use ability | 15 |
| Resource trade | 6 |
| Minimap ping | 3 |
| Esc | 1 |


| Scroll of Town Portal | 1 | 350 |
| Scroll of Protection | 1 | 150 |
| total: | 2 | 500g |
| Wisp | 21 | 1260 | / | 0 |
| Archer | 11 | 1430 | / | 110 |
| Hippogryph | 8 | 1280 | / | 160 |
| Chimaera | 3 | 990 | / | 210 |
| Green Drake | 1 | 365 | / | 80 |
| Green Dragon Whelp | 1 | 215 | / | 20 |
| total: | 45 | 5540g | / | 580w |
| Altar of Elders | 1 | 180 | / | 50 |
| Moon Well | 7 | 1260 | / | 280 |
| Ancient of War | 1 | 150 | / | 60 |
| Tree of Life | 3 | 1020 | / | 555 |
| Hunter's Hall | 1 | 210 | / | 100 |
| Ancient of Wonders | 2 | 180 | / | 60 |
| Ancient of Wind | 1 | 150 | / | 140 |
| Chimaera Roost | 3 | 420 | / | 570 |
| Tree of Ages | 1 | 320 | / | 180 |
| Tree of Eternity | 2 | 660 | / | 400 |
| total: | 19 | 3570g | / | 1815w |
| 0:02 | Wisp |
| 0:02 | Wisp |
| 0:03 | Wisp |
| 0:06 | Wisp |
| 0:06 | Wisp |
| 0:25 | Altar of Elders |
| 0:41 | Moon Well |
| 0:45 | Wisp |
| 1:03 | Ancient of War |
| 1:10 | Wisp |
| 1:10 | Wisp |
| 1:10 | Wisp |
| 1:16 | Wisp |
| 1:16 | Wisp |
| 1:17 | Wisp |
| 1:38 | Moon Well |
| 1:58 | Moon Well |
| 2:05 | Archer |
| 2:29 | Archer |
| 2:29 | Archer |
| 2:36 | Force of Nature |
| 3:14 | Archer |
| 3:14 | Archer |
| 3:38 | Tree of Life |
| 3:53 | Tree of Ages |
| 4:21 | Archer |
| 4:32 | Archer |
| 4:57 | Thorns Aura |
| 5:32 | Archer |
| 5:41 | Hunter's Hall |
| 5:46 | Ancient of Wonders |
| 5:48 | Wisp |
| 5:48 | Wisp |
| 5:48 | Wisp |
| 5:48 | Wisp |
| 5:48 | Wisp |
| 6:39 | Tree of Eternity |
| 6:41 | Ancient of Wind |
| 6:45 | Moon Well |
| 7:17 | Entangling Roots |
| 7:58 | Improved Bows |
| 8:09 | Hippogryph |
| 8:09 | Hippogryph |
| 8:09 | Hippogryph |
| 8:09 | Hippogryph |
| 8:10 | Hippogryph |
| 8:10 | Hippogryph |
| 8:10 | Hippogryph |
| 8:10 | Hippogryph |
| 8:26 | Archer |
| 8:26 | Archer |
| 8:27 | Archer |
| 8:36 | Searing Arrows |
| 8:47 | Green Drake |
| 8:48 | Green Dragon Whelp |
| 9:39 | Chimaera Roost |
| 9:41 | Chimaera Roost |
| 9:44 | Chimaera Roost |
| 10:51 | Moon Well |
| 10:51 | Moon Well |
| 10:52 | Moon Well |
| 10:58 | Scroll of Town Portal |
| 10:59 | Scroll of Protection |
| 11:14 | Strength of the Wild |
| 11:15 | Reinforced Hides |
| 11:34 | Marksmanship |
| 11:42 | Wisp |
| 11:42 | Wisp |
| 11:42 | Wisp |
| 11:42 | Wisp |
| 12:00 | Entangling Roots |
| 12:10 | Chimaera |
| 12:36 | Chimaera |
| 12:39 | Trueshot Aura |
| 13:20 | Tree of Life |
| 13:25 | Chimaera |
| 13:50 | Tree of Life |
| 14:00 | Ancient of Wonders |
| Right click | 307 |
| Select | 155 |
| Select group | 103 |
| Assign group | 82 |
| Build/train/purchase | 77 |
| Minimap ping | 26 |
| Use ability | 18 |
| Chat | 4 |

| Healing Salve | 1 | 100 |
| Scroll of Town Portal | 1 | 350 |
| total: | 2 | 450g |
| Peon | 11 | 825 | / | 0 |
| Grunt | 1 | 200 | / | 0 |
| Troll Headhunter | 5 | 700 | / | 100 |
| Troll Batrider | 14 | 2240 | / | 560 |
| Tauren | 2 | 560 | / | 160 |
| total: | 33 | 4525g | / | 820w |
| Watch Tower | 3 | 330 | / | 240 |
| Altar of Storms | 1 | 180 | / | 50 |
| Orc Burrow | 6 | 960 | / | 240 |
| Barracks | 1 | 180 | / | 50 |
| War Mill | 1 | 205 | / | 0 |
| Voodoo Lounge | 1 | 130 | / | 30 |
| Beastiary | 2 | 290 | / | 280 |
| Tauren Totem | 2 | 270 | / | 310 |
| Stronghold | 1 | 315 | / | 190 |
| Fortress | 1 | 325 | / | 190 |
| total: | 17 | 2545g | / | 1200w |
| 0:03 | Peon |
| 0:12 | Altar of Storms |
| 0:15 | Peon |
| 0:20 | Orc Burrow |
| 0:27 | Peon |
| 0:43 | Barracks |
| 0:59 | Peon |
| 1:01 | Peon |
| 1:30 | Orc Burrow |
| 1:33 | Peon |
| 1:52 | War Mill |
| 1:55 | Peon |
| 2:18 | Grunt |
| 2:25 | Serpent Ward |
| 2:35 | Peon |
| 2:45 | Voodoo Lounge |
| 3:07 | Troll Headhunter |
| 3:09 | Peon |
| 3:14 | Peon |
| 3:27 | Troll Headhunter |
| 3:36 | Orc Burrow |
| 3:50 | Peon |
| 3:54 | Healing Salve |
| 4:04 | Troll Headhunter |
| 4:25 | Stronghold |
| 4:40 | Troll Headhunter |
| 4:58 | Watch Tower |
| 5:01 | Healing Wave |
| 5:32 | Troll Headhunter |
| 5:37 | Steel Armor |
| 5:43 | Orc Burrow |
| 6:14 | Watch Tower |
| 6:22 | Watch Tower |
| 6:42 | Spiked Barricades |
| 6:51 | Beastiary |
| 6:53 | Beastiary |
| 7:25 | Fortress |
| 8:12 | Troll Batrider |
| 8:13 | Troll Batrider |
| 8:13 | Troll Batrider |
| 8:13 | Troll Batrider |
| 8:18 | Serpent Ward |
| 8:25 | Troll Batrider |
| 8:26 | Troll Batrider |
| 8:27 | Troll Batrider |
| 8:27 | Troll Batrider |
| 8:53 | Troll Batrider |
| 8:53 | Troll Batrider |
| 9:07 | Tauren Totem |
| 9:21 | Troll Batrider |
| 9:49 | Liquid Fire |
| 9:51 | Troll Batrider |
| 10:21 | Troll Batrider |
| 10:23 | Reinforced Defenses |
| 10:30 | Tauren Totem |
| 10:34 | Orc Burrow |
| 10:46 | Troll Batrider |
| 11:31 | Orc Burrow |
| 11:43 | Steel Ranged Weapons |
| 13:08 | Pulverize |
| 13:09 | Tauren |
| 13:41 | Scroll of Town Portal |
| 14:18 | Tauren |
| Right click | 449 |
| Select group | 192 |
| Select | 157 |
| Build/train/purchase | 47 |
| Assign group | 30 |
| Use ability | 24 |
| Misc. action | 9 |
| Resource trade | 6 |
| Chat | 4 |
| Item give/drop | 2 |
| Remove unit | 1 |

| Lesser Clarity Potion | 1 | 70 |
| Scroll of Regeneration | 1 | 100 |
| Scroll of Town Portal | 1 | 350 |
| Potion of Lesser Invulnerability | 1 | 150 |
| total: | 4 | 670g |
| Peasant | 12 | 900 | / | 0 |
| Footman | 5 | 675 | / | 0 |
| Rifleman | 6 | 1230 | / | 180 |
| Priest | 2 | 270 | / | 20 |
| total: | 25 | 3075g | / | 200w |
| Scout Tower | 6 | 180 | / | 120 |
| Arcane Tower | 3 | 210 | / | 150 |
| Guard Tower | 1 | 70 | / | 50 |
| Barracks | 1 | 160 | / | 60 |
| Altar of Kings | 1 | 180 | / | 50 |
| Farm | 7 | 560 | / | 140 |
| Arcane Vault | 1 | 130 | / | 30 |
| Blacksmith | 1 | 140 | / | 60 |
| Lumber Mill | 1 | 120 | / | 0 |
| Town Hall | 1 | 385 | / | 205 |
| Arcane Sanctum | 1 | 150 | / | 140 |
| Gryphon Aviary | 1 | 140 | / | 150 |
| Keep | 1 | 320 | / | 210 |
| Castle | 1 | 360 | / | 210 |
| total: | 21 | 2145g | / | 955w |
| 0:03 | Peasant |
| 0:03 | Peasant |
| 0:03 | Peasant |
| 0:15 | Barracks |
| 0:21 | Altar of Kings |
| 0:34 | Farm |
| 0:51 | Peasant |
| 1:21 | Peasant |
| 1:29 | Farm |
| 1:59 | Footman |
| 1:59 | Footman |
| 2:04 | Arcane Vault |
| 2:12 | Peasant |
| 2:12 | Peasant |
| 2:12 | Peasant |
| 2:23 | Thunder Clap |
| 2:27 | Footman |
| 2:47 | Farm |
| 3:21 | Footman |
| 3:21 | Footman |
| 3:29 | Farm |
| 3:36 | Scout Tower |
| 4:15 | Storm Bolt |
| 4:21 | Blacksmith |
| 4:25 | Arcane Tower |
| 4:27 | Peasant |
| 4:35 | Farm |
| 5:07 | Keep |
| 5:15 | Scout Tower |
| 5:22 | Scout Tower |
| 5:42 | Rifleman |
| 5:42 | Rifleman |
| 5:50 | Arcane Tower |
| 6:34 | Arcane Tower |
| 6:36 | Rifleman |
| 6:36 | Rifleman |
| 6:44 | Farm |
| 7:22 | Potion of Lesser Invulnerability |
| 7:54 | Storm Bolt |
| 8:14 | Rifleman |
| 8:14 | Rifleman |
| 8:18 | Arcane Sanctum |
| 8:23 | Lumber Mill |
| 8:24 | Peasant |
| 8:24 | Peasant |
| 8:24 | Peasant |
| 9:03 | Farm |
| 9:25 | Gryphon Aviary |
| 9:33 | Improved Lumber Harvesting |
| 10:34 | Castle |
| 10:36 | Priest |
| 10:36 | Priest |
| 10:41 | Advanced Lumber Harvesting |
| 10:50 | Lesser Clarity Potion |
| 10:52 | Scroll of Regeneration |
| 11:01 | Scroll of Town Portal |
| 11:30 | Scout Tower |
| 11:57 | Thunder Clap |
| 12:13 | Guard Tower |
| 12:20 | Town Hall |
| 12:45 | Scout Tower |
| 13:56 | Scout Tower |
| Right click | 348 |
| Select | 144 |
| Build/train/purchase | 74 |
| Chat | 30 |
| Use ability | 11 |
| Resource trade | 5 |
| Minimap ping | 4 |
| Item give/drop | 3 |
⇛